PR
FORT KNOX CENTENNIAL @ TWINSBURG TIGERS
07/04/2042
 
TOP OF THE 1ST
Fort Knox Centennial batting - Pitching for Twinsburg Tigers : RHP Vicente Zanga
Pitching: RHP Vicente Zanga
Batting: LHB Don Barnes 0-0: Called Strike
0-1: Foul Ball, location: 2F
0-2: Ball
1-2: Foul Ball, location: 2F
1-2: Foul Ball, location: 2F
1-2: Foul Ball, location: 2F
1-2: Foul Ball, location: 2F
1-2: Foul Ball, location: 2F
1-2: Foul Ball, location: 2F
1-2: SINGLE (Groundball, 4MD, EV 100.0 MPH)
Batting: LHB Juan Carlos Duprat 0-0: Fly out, F7 (Flyball, 78D, EV 89.4 MPH)
Batting: RHB Carlos Rivera 0-0: Fly out, F9 (Line Drive, 9, EV 98.8 MPH)
Batting: RHB Bubba Baker 0-0: Called Strike
0-1: Ball
1-1: 2-RUN HOME RUN (Line Drive, 78XD, EV 106.2 MPH), Distance : 409 ft
Batting: RHB Jon Lake 0-0: Called Strike
0-1: Ball
1-1: Ball
2-1: Foul Ball, location: 2F
2-2: Foul Ball, location: 2F
2-2: Ball
3-2: Foul Ball, location: 2F
3-2: Base on Balls
Batting: RHB Heriberto Sanches 0-0: Called Strike
0-1: Fielders Choice at 2nd, U6 (Groundball, 6M, EV 111.9 MPH)
Top of the 1st over - 2 runs, 2 hits, 0 errors, 1 left on base; Fort Knox 2 - Twinsburg 0
BOTTOM OF THE 1ST
Twinsburg Tigers batting - Pitching for Fort Knox Centennial : RHP Wayne Hankins
Pitching: RHP Wayne Hankins
Batting: RHB Alex Kelley 0-0: Foul Ball, location: 2F
0-1: Ball
1-1: Foul Ball, location: 2F
1-2: Ball
2-2: DOUBLE (Line Drive, 78M, EV 93.8 MPH)
Batting: RHB Roland Thomas 0-0: Swinging Strike
0-1: Called Strike
0-2: Strikes out swinging
Batting: LHB Ray Winters 0-0: Called Strike
0-1: Foul Ball, location: 2F
0-2: Foul Ball, location: 2F
0-2: Foul Ball, location: 2F
0-2: Ball
1-2: Strikes out looking
Batting: SHB Sherwin Tacod 0-0: Called Strike
0-1: Called Strike
0-2: Ball
1-2: Ball
2-2: Ball
3-2: Fly out, F8 (Flyball, 8LXD, EV 96.9 MPH)
Bottom of the 1st over - 0 runs, 1 hit, 0 errors, 1 left on base; Fort Knox 2 - Twinsburg 0
TOP OF THE 2ND
Fort Knox Centennial batting - Pitching for Twinsburg Tigers : RHP Vicente Zanga
Batting: RHB Lloyd Griffin 0-0: Called Strike
0-1: Ball
1-1: Ball
2-1: Foul Ball, location: 2F
2-2: Ball
3-2: Ground out 1-3 (Groundball, 15, EV 75.0 MPH)
Batting: LHB Raúl Miranda 0-0: Foul Ball, location: 2F
0-1: Ball
1-1: Called Strike
1-2: Strikes out swinging
Batting: LHB Chin-seok Chong 0-0: Reached on error, E6 (Groundball, 4, EV 106.9 MPH)
Batting: LHB Don Barnes 0-0: Called Strike
0-1: Fly out, F7 (Flyball, 7, EV 95.0 MPH)
Top of the 2nd over - 0 runs, 0 hits, 1 error, 1 left on base; Fort Knox 2 - Twinsburg 0
BOTTOM OF THE 2ND
Twinsburg Tigers batting - Pitching for Fort Knox Centennial : RHP Wayne Hankins
Batting: RHB Ernie Lewis 0-0: Called Strike
0-1: Ball
1-1: Swinging Strike
1-2: Strikes out swinging
Batting: LHB Keith Garner 0-0: Ball
1-0: SINGLE (Groundball, 56, EV 105.0 MPH) (infield hit)
Batting: LHB Rommel Fflunker 0-0: Ball
1-0: SINGLE (Line Drive, 8RS, EV 106.9 MPH)
Keith Garner to second
Batting: RHB Claude Harper 0-0: Called Strike
0-1: Foul Ball, location: 2F
0-2: Foul Ball, location: 2F
0-2: Ball
1-2: Ball
2-2: Foul Ball, location: 2F
2-2: Reached on error, E6 (Groundball, 56, EV 96.2 MPH)
Keith Garner to third
Rommel Fflunker to second
Batting: RHB Tim Davis 0-0: Ball
1-0: Ball
2-0: Foul Ball, location: 2F
2-1: Foul Ball, location: 2F
2-2: Strikes out looking
Batting: RHB Alex Kelley 0-0: Ball
1-0: Ball
2-0: Ball
3-0: Called Strike
3-1: Called Strike
3-2: Foul Ball, location: 2F
3-2: Foul Ball, location: 2F
3-2: Strikes out looking
Bottom of the 2nd over - 0 runs, 2 hits, 1 error, 3 left on base; Fort Knox 2 - Twinsburg 0
TOP OF THE 3RD
Fort Knox Centennial batting - Pitching for Twinsburg Tigers : RHP Vicente Zanga
Batting: LHB Juan Carlos Duprat 0-0: Called Strike
0-1: Ball
1-1: Fly out, F7 (Flyball, 7D, EV 86.9 MPH)
Batting: RHB Carlos Rivera 0-0: Called Strike
0-1: Swinging Strike
0-2: Foul Ball, location: 2F
0-2: Ball
1-2: Ball
2-2: Foul Ball, location: 2F
2-2: Ball
3-2: Foul Ball, location: 2F
3-2: SINGLE (Line Drive, 78S, EV 88.1 MPH)
Batting: RHB Bubba Baker 0-0: Ball
1-0: Swinging Strike
1-1: Foul Ball, location: 2F
1-2: SINGLE (Line Drive, 5D, EV 94.4 MPH)
Carlos Rivera to second
Batting: RHB Jon Lake 0-0: Ball
1-0: Foul Ball, location: 2F
1-1: Fly out, F9 (Flyball, 89D, EV 107.5 MPH)
Batting: RHB Heriberto Sanches 0-0: Swinging Strike
0-1: Ball
1-1: Called Strike
1-2: Ball
2-2: Strikes out swinging
Top of the 3rd over - 0 runs, 2 hits, 0 errors, 2 left on base; Fort Knox 2 - Twinsburg 0
BOTTOM OF THE 3RD
Twinsburg Tigers batting - Pitching for Fort Knox Centennial : RHP Wayne Hankins
Batting: RHB Roland Thomas 0-0: Called Strike
0-1: Foul Ball, location: 2F
0-2: Ball
1-2: Fly out, F8 (Line Drive, 8LM, EV 106.2 MPH)
Batting: LHB Ray Winters 0-0: Ball
1-0: Called Strike
1-1: Called Strike
1-2: Ball
2-2: Ball
3-2: Strikes out swinging
Batting: SHB Sherwin Tacod 0-0: Ball
1-0: Ball
2-0: Ball
3-0: Base on Balls
Batting: RHB Ernie Lewis 0-0: Ball
Sherwin Tacod steals 2nd base
1-0: Fly out, F9 (Flyball, 9, EV 93.8 MPH)
Bottom of the 3rd over - 0 runs, 0 hits, 0 errors, 1 left on base; Fort Knox 2 - Twinsburg 0
TOP OF THE 4TH
Fort Knox Centennial batting - Pitching for Twinsburg Tigers : RHP Vicente Zanga
Batting: RHB Lloyd Griffin 0-0: Ground out 6-3 (Groundball, 6, EV 84.4 MPH)
Batting: LHB Raúl Miranda 0-0: Ball
1-0: Called Strike
1-1: Called Strike
1-2: Ball
2-2: Reached on error, E6 (Groundball, 6, EV 85.0 MPH)
Batting: LHB Chin-seok Chong 0-0: Ball
1-0: Swinging Strike
1-1: Ball
2-1: Swinging Strike
2-2: Foul Ball, location: 2F
2-2: Strikes out looking
Batting: LHB Don Barnes 0-0: Called Strike
0-1: Ball
1-1: Ground out 4-3 (Groundball, 4, EV 86.2 MPH)
Top of the 4th over - 0 runs, 0 hits, 1 error, 1 left on base; Fort Knox 2 - Twinsburg 0
BOTTOM OF THE 4TH
Twinsburg Tigers batting - Pitching for Fort Knox Centennial : RHP Wayne Hankins
Batting: LHB Keith Garner 0-0: Ground out 4-3 (Groundball, 4D, EV 107.5 MPH)
Batting: LHB Rommel Fflunker 0-0: Ball
1-0: Ball
2-0: Foul Ball, location: 2F
2-1: Swinging Strike
2-2: Ball
3-2: Fly out, F8 (Flyball, 78D, EV 103.8 MPH)
Batting: RHB Claude Harper 0-0: Ball
1-0: Fly out, F8 (Line Drive, 8LD, EV 85.6 MPH)
Bottom of the 4th over - 0 runs, 0 hits, 0 errors, 0 left on base; Fort Knox 2 - Twinsburg 0
TOP OF THE 5TH
Fort Knox Centennial batting - Pitching for Twinsburg Tigers : RHP Vicente Zanga
Batting: LHB Juan Carlos Duprat 0-0: Foul Ball, location: 2F
0-1: Foul Ball, location: 2F
0-2: Ball
1-2: Foul Ball, location: 2F
1-2: Hit by Pitch
Batting: RHB Carlos Rivera 0-0: Called Strike
0-1: Fly out, F9 (Flyball, 89XD, EV 90.0 MPH)
Batting: RHB Bubba Baker 0-0: Ball
1-0: Called Strike
1-1: Foul Ball, location: 2F
1-2: DOUBLE (Line Drive, 7LM, EV 103.8 MPH)
Juan Carlos Duprat to third
Runner from 3rd tries for Home, SAFE, throw by LF to home
Batting: RHB Jon Lake 0-0: SINGLE (Groundball, 6D, EV 98.8 MPH)
Bubba Baker to third
Runner from 3rd tries for Home, SAFE, throw by CF to home
Jon Lake to second
Batting: RHB Heriberto Sanches 0-0: Ball
1-0: Ball
2-0: Ball
Wild Pitch!
Jon Lake to third
3-0: Base on Balls
Batting: RHB Lloyd Griffin 0-0: Ball
1-0: Foul Ball, location: 2F
1-1: Called Strike
1-2: Foul Ball, location: 2F
1-2: SINGLE (Groundball, 4, EV 91.9 MPH) (infield hit)
Jon Lake scores
Heriberto Sanches to second
Batting: LHB Raúl Miranda 0-0: Ball
1-0: Ball
2-0: Ball
3-0: Called Strike
3-1: Foul Ball, location: 2F
3-2: Foul Ball, location: 2F
3-2: TRIPLE (Flyball, 89XD, EV 100.0 MPH)
Heriberto Sanches scores
Lloyd Griffin scores
Pitching: RHP Emery William
Batting: LHB Chin-seok Chong 0-0: Swinging Strike
0-1: Ball
1-1: Called Strike
1-2: Fly out, F7 (Flyball, 78S, EV 79.4 MPH)
Batting: LHB Don Barnes 0-0: Ball
1-0: Reached on error, E1 (Groundball, 15S, EV 71.9 MPH)
Raúl Miranda scores
Batting: LHB Juan Carlos Duprat 0-0: Foul Ball, location: 2F
0-1: SINGLE (Groundball, 34D, EV 96.9 MPH)
Don Barnes to third
Runner from 3rd tries for Home, SAFE, throw by RF to home
Batting: RHB Carlos Rivera 0-0: Called Strike
0-1: Ball
1-1: Ball
2-1: Ball
3-1: Foul Ball, location: 2F
3-2: Fly out, F9 (Flyball, 9LD, EV 106.9 MPH)
Top of the 5th over - 7 runs, 5 hits, 1 error, 1 left on base; Fort Knox 9 - Twinsburg 0
BOTTOM OF THE 5TH
Twinsburg Tigers batting - Pitching for Fort Knox Centennial : RHP Wayne Hankins
Batting: RHB Tim Davis 0-0: Ball
1-0: Foul Ball, location: 2F
1-1: Hit by Pitch
Batting: RHB Alex Kelley 0-0: Foul Ball, location: 2F
0-1: Ball
1-1: Foul Ball, location: 2F
1-2: Ball
2-2: Grounds into double play, 6-4-3 (Groundball, 6, EV 105.0 MPH)
Batting: RHB Roland Thomas 0-0: Ground out 5-3 (Groundball, 56S, EV 81.2 MPH)
Bottom of the 5th over - 0 runs, 0 hits, 0 errors, 0 left on base; Fort Knox 9 - Twinsburg 0
TOP OF THE 6TH
Fort Knox Centennial batting - Pitching for Twinsburg Tigers : RHP Emery William
Batting: RHB Bubba Baker 0-0: Ball
1-0: Swinging Strike
1-1: Ball
2-1: Ball
3-1: Base on Balls
Pitching: RHP Ming-hoa Ngui
Batting: RHB Jon Lake 0-0: Ball
1-0: Foul Ball, location: 2F
1-1: Ball
2-1: DOUBLE (Line Drive, 3D, EV 100.0 MPH)
Bubba Baker to third
Runner from 3rd tries for Home, SAFE, throw by RF to home
Batting: RHB Heriberto Sanches 0-0: Called Strike
0-1: Called Strike
0-2: Ball
1-2: Ball
2-2: Ball
3-2: Foul Ball, location: 2F
3-2: Ground out 6-3 (Groundball, 56, EV 79.4 MPH)
Batting: RHB Lloyd Griffin 0-0: Ball
1-0: Ball
2-0: Ball
3-0: Called Strike
3-1: Foul Ball, location: 2F
3-2: Foul Ball, location: 2F
3-2: Base on Balls
Batting: LHB Raúl Miranda 0-0: DOUBLE (Line Drive, 7LM, EV 103.1 MPH)
Jon Lake scores
Lloyd Griffin to third
Pitching: RHP António Martínez
Batting: LHB Chin-seok Chong 0-0: Called Strike
0-1: Ball
1-1: Swinging Strike
1-2: Strikes out swinging
Batting: LHB Don Barnes 0-0: Called Strike
0-1: Fly out, F9 (Flyball, 89S, EV 94.4 MPH)
Top of the 6th over - 2 runs, 2 hits, 0 errors, 2 left on base; Fort Knox 11 - Twinsburg 0
BOTTOM OF THE 6TH
Twinsburg Tigers batting - Pitching for Fort Knox Centennial : RHP Wayne Hankins
Batting: LHB Ray Winters 0-0: Foul Ball, location: 2F
0-1: Ground out U3 (Groundball, 3, EV 105.6 MPH)
Batting: SHB Sherwin Tacod 0-0: Called Strike
0-1: Swinging Strike
0-2: Ball
1-2: Foul Ball, location: 2F
1-2: Ball
2-2: Foul Ball, location: 2F
2-2: Foul Ball, location: 2F
2-2: DOUBLE (Line Drive, 7LM, EV 100.6 MPH)
Batting: RHB Ernie Lewis 0-0: Ball
1-0: Ball
2-0: Called Strike
2-1: Fly out, F9 (Flyball, 9D, EV 91.2 MPH)
Runner from 2nd tags up, SAFE at 3rd, no throw by RF
Batting: LHB Keith Garner 0-0: Called Strike
0-1: Ground out 2-3 (Groundball, 15S, EV 73.1 MPH)
Bottom of the 6th over - 0 runs, 1 hit, 0 errors, 1 left on base; Fort Knox 11 - Twinsburg 0
TOP OF THE 7TH
Fort Knox Centennial batting - Pitching for Twinsburg Tigers : RHP António Martínez
Pinch Hitting: RHB Luis Macazaga 0-0: Called Strike
0-1: Foul Ball, location: 2F
0-2: Strikes out looking
Pinch Hitting: RHB Alfredo Díaz 0-0: Ball
1-0: Ball
2-0: Ball
3-0: Called Strike
3-1: Called Strike
3-2: Base on Balls
Batting: RHB Bubba Baker 0-0: Ball
1-0: Ball
2-0: Ball
3-0: Called Strike
3-1: DOUBLE (Line Drive, 8RD, EV 100.0 MPH)
Alfredo Díaz to third
Batting: RHB Jon Lake 0-0: Foul Ball, location: 2F
0-1: SINGLE (Line Drive, 9S, EV 98.1 MPH)
Alfredo Díaz scores
Bubba Baker to third
Pinch Hitting: RHB Dave Watson 0-0: Ball
1-0: Ball
2-0: Swinging Strike
2-1: Foul Ball, location: 2F
2-2: Ball
3-2: Strikes out looking
Pinch Hitting: RHB Rick McCarthy 0-0: Ball
1-0: Called Strike
1-1: Ball
2-1: Swinging Strike
2-2: Strikes out swinging
Top of the 7th over - 1 run, 2 hits, 0 errors, 2 left on base; Fort Knox 12 - Twinsburg 0
BOTTOM OF THE 7TH
Twinsburg Tigers batting - Pitching for Fort Knox Centennial : RHP Wayne Hankins
Now at 2B: Rick McCarthy
Now at 3B: Dave Watson
Now at SS: Alfredo Díaz
Now in LF: Luis Macazaga
Batting: LHB Rommel Fflunker 0-0: Fly out, F9 (Flyball, 9LM, EV 73.1 MPH)
Pitching: RHP Tommy Casey
Batting: RHB Claude Harper 0-0: Ball
1-0: Swinging Strike
1-1: Swinging Strike
1-2: Ball
2-2: Foul Ball, location: 2F
2-2: Strikes out looking
Batting: RHB Tim Davis 0-0: Ball
1-0: Ground out 6-3 (Groundball, 6, EV 91.2 MPH)
Bottom of the 7th over - 0 runs, 0 hits, 0 errors, 0 left on base; Fort Knox 12 - Twinsburg 0
TOP OF THE 8TH
Fort Knox Centennial batting - Pitching for Twinsburg Tigers : RHP António Martínez
Pitching: RHP Henry McLaughlin
Pinch Hitting: RHB Curt McDaniel 0-0: Called Strike
0-1: Ball
1-1: Ground out U3 (Groundball, 3S, EV 69.4 MPH)
Batting: LHB Chin-seok Chong 0-0: Called Strike
0-1: Called Strike
0-2: Ball
1-2: Ball
2-2: Ball
3-2: Reached on error, E3 (Groundball, 34, EV 102.5 MPH)
Pinch Hitting: RHB Ángel Torrez 0-0: Ball
1-0: Grounds into double play, 5-4-3 (Groundball, 56, EV 107.5 MPH)
Top of the 8th over - 0 runs, 0 hits, 1 error, 0 left on base; Fort Knox 12 - Twinsburg 0
BOTTOM OF THE 8TH
Twinsburg Tigers batting - Pitching for Fort Knox Centennial : RHP Tommy Casey
Now in LF: Ángel Torrez
Now in RF: Curt McDaniel
Batting: RHB Alex Kelley 0-0: Foul Ball, location: 2F
0-1: Ball
1-1: Swinging Strike
1-2: SINGLE (Groundball, 6MS, EV 88.1 MPH) (infield hit)
Pinch Hitting: LHB Christian Reynolds 0-0: SINGLE (Groundball, 6MD, EV 104.4 MPH)
Alex Kelley to second
Batting: LHB Ray Winters 0-0: Ball
1-0: Ball
2-0: Foul Ball, location: 2F
2-1: Ball
3-1: Base on Balls
Alex Kelley to third
Christian Reynolds to second
Batting: SHB Sherwin Tacod 0-0: Foul Ball, location: 2F
0-1: Ball
1-1: Ball
2-1: Foul Ball, location: 2F
2-2: Ball
3-2: Fly out, F8 (Flyball, 8LM, EV 89.4 MPH)
Runner from 3rd tags up, SCORES, throw by CF
Batting: RHB Ernie Lewis 0-0: Swinging Strike
0-1: Fly out, F9 (Flyball, 9, EV 92.5 MPH)
Batting: LHB Keith Garner 0-0: Ball
1-0: Ball
2-0: Ground out 4-3 (Groundball, 4, EV 104.4 MPH)
Bottom of the 8th over - 1 run, 2 hits, 0 errors, 2 left on base; Fort Knox 12 - Twinsburg 1
TOP OF THE 9TH
Fort Knox Centennial batting - Pitching for Twinsburg Tigers : RHP Henry McLaughlin
Now at 1B: Ole Geenen
Batting: RHB Luis Macazaga 0-0: Called Strike
0-1: Ball
1-1: Swinging Strike
1-2: Ball
2-2: Ball
3-2: Strikes out swinging
Batting: RHB Alfredo Díaz 0-0: DOUBLE (Line Drive, 78D, EV 98.8 MPH)
Batting: RHB Bubba Baker 0-0: Foul Ball, location: 2F
0-1: Swinging Strike
0-2: SINGLE (Line Drive, 89S, EV 107.5 MPH)
Alfredo Díaz to third
Batting: RHB Jon Lake 0-0: Ball
1-0: Foul Ball, location: 2F
1-1: Foul Ball, location: 2F
1-2: Fly out, F8 (Flyball, 8RD, EV 105.0 MPH)
Runner from 3rd tags up, SCORES, throw by CF
Batting: RHB Dave Watson 0-0: Swinging Strike
0-1: Fly out, F8 (Flyball, 8LS, EV 83.8 MPH)
Top of the 9th over - 1 run, 2 hits, 0 errors, 1 left on base; Fort Knox 13 - Twinsburg 1
BOTTOM OF THE 9TH
Twinsburg Tigers batting - Pitching for Fort Knox Centennial : RHP Tommy Casey
Batting: LHB Rommel Fflunker 0-0: Called Strike
0-1: Foul Ball, location: 2F
0-2: Foul Ball, location: 2F
0-2: Strikes out swinging
Batting: RHB Claude Harper 0-0: Foul Ball, location: 2F
0-1: Swinging Strike
0-2: Foul Ball, location: 2F
0-2: Strikes out looking
Batting: RHB Tim Davis 0-0: Foul Ball, location: 2F
0-1: DOUBLE (Line Drive, 5D, EV 96.2 MPH)
Batting: RHB Alex Kelley 0-0: Ball
1-0: Called Strike
1-1: SINGLE (Line Drive, 78M, EV 110.6 MPH)
Tim Davis to third
Batting: LHB Ole Geenen 0-0: Ball
1-0: Foul Ball, location: 2F
1-1: Foul Ball, location: 2F
1-2: Foul Ball, location: 2F
1-2: Ball
2-2: Ground out 4-3 (Groundball, 4, EV 83.8 MPH)
Bottom of the 9th over - 0 runs, 2 hits, 0 errors, 2 left on base; Fort Knox 13 - Twinsburg 1
Friday, March 26th, 2021 - OOTP Baseball 20.8 Build 74